cohdb
Replays
Latest Replays
All Replays
Popular Replays
Top Player Replays
Match Explorer
How It Works
Community
CoH3 Stats
Reddit
Sign in to upload your games and track your stats! →
Sign in with Steam
Match 47376566
Unlisted
Match 47376566
Overview
Messages
Build Orders
End
Construct Section Command Post
Selects Australian Defense Battlegroup
Selects Australian Light Infantry Section
Australian Light Infantry Section
ML 3-inch Mortar Team
Australian Light Infantry Section
Construct Platoon Command Post
Selects 2-pounder Anti-tank Gun Team
2-pounder Anti-tank Gun Team
Infantry Training
Vickers Machine Gun Team
2-pounder Anti-tank Gun Team
Australian Light Infantry Section
CMP 15cwt Truck
Team Weapon Training
Macho Man Randy Savage
CommieKillerz
Skibidi Rizzler
카츄사
Gear-IV-D
elfen
Yikers
阿巴阿巴
0
0
Comments
sign in to comment!
No comments posted yet!